 Dungeon Crawl Stone Soup version 0.19-b1-5-gdc9fa9d (webtiles) character file.

1930 odei the Twirler (level 8, -1/79 HPs)
             Began as a Troll Berserker on Oct 31, 2016.
             Was a Priest of Trog.
             Slain by a hornet (9 damage)
             ... on level 8 of the Dungeon.
             The game lasted 00:28:15 (5769 turns).

odei the Twirler (Troll Berserker)                  Turns: 5769, Time: 00:28:15

Health: -1/79      AC:  6    Str: 26    XL:     8   Next: 97%
Magic:  0/7        EV: 11    Int:  3    God:    Trog [***...]
Gold:   231        SH:  0    Dex: 11    Spells: 0 memorised, 7 levels left

rFire  . . .     SeeInvis .     c - +2 dire flail (crush)
rCold  . . .     Gourm    +     a - +0 animal skin
rNeg   . . .     Faith    .     (shield currently unavailable)
rPois  .         Spirit   +     (helmet restricted)
rElec  .         Reflect  .     o - +0 cloak
rCorr  .         Harm     .     (gloves unavailable)
MR     .....                    (boots unavailable)
Stlth  ++........               e - amulet of guardian spirit
                                (no ring)
                                (no ring)

@: lethally poisoned (-1 -> -24), slowed, very slow
A: unfitting armour, claws 3, fast metabolism 3, gourmand, regeneration 1,
shaggy fur 1, tough skin 2
a: Berserk, Trog's Hand, Burn Spellbooks, Renounce Religion


You were on level 8 of the Dungeon.
You worshipped Trog.
Trog was most pleased with you.
You were very full.

You visited 1 branch of the dungeon, and saw 8 of its levels.

You collected 231 gold pieces.

Inventory:

Hand Weapons
 c - a +2 dire flail of crushing (weapon)
 q - a +4 quarterstaff of chaos
 s - a +2 dagger of holy wrath
Armour
 a - a +0 animal skin (worn)
 o - a +0 cloak (worn)
 y - a +2 robe of positive energy
Jewellery
 e - an amulet of guardian spirit (around neck)
Wands
 u - a wand of flame (24/48)
Scrolls
 g - 5 scrolls of remove curse
 h - 2 scrolls of noise
 w - a scroll of identify
Comestibles
 b - a bread ration
 d - 2 meat rations
 m - 2 slices of pizza
 r - a royal jelly


   Skills:
 + Level 4.6 Fighting
 + Level 2.9(5.2) Maces & Flails
 + Level 6.1(6.3) Staves
 + Level 4.8 Dodging
 + Level 1.7 Stealth
 + Level 4.3 Unarmed Combat


You had 7 spell levels left.
You didn't know any spells.

Dungeon Overview and Level Annotations

Branches:
Dungeon (8/15)             Temple (0/1) D:4
   Lair: D:8-11

Altars:
Makhleb
Uskayaw
Xom
Yredelemnul
The Shining One


Innate Abilities, Weirdness & Mutations

You are too large for most types of armour.
You have claws for hands.
Your metabolism is lightning-fast.
You like to eat raw meat.
Your natural rate of healing is unusually fast.
You are covered in fur. (AC +1)
You have very tough skin. (AC +2)


Message History

The hornet completely misses you.
You miss the hornet.
The hornet is lightly wounded.
You feel very sick. The hornet stings you!
* * * LOW HITPOINT WARNING * * *
You feel as though you will be slow longer.
The hornet stings you!
* * * LOW HITPOINT WARNING * * *
You feel as though you will be slow longer.
As you read the scroll of noise, it crumbles to dust.
You hear a loud clanging noise!
* * * LOW HITPOINT WARNING * * *
You feel very sick. The hornet stings you.
* * * LOW HITPOINT WARNING * * *
You are more poisoned.
You feel as though you will be slow longer.
The hornet stings you!
You die...

#....# #....#.......
#....#.......
########....#.......
#.....##....#.......
+.....##....#.......
#.....##....#.$.....
#...........#.......
########....@.......
#....#y......
+....#.......
#....#.......
##+###.......
....... .......
.......


You could see a hornet.

Vanquished Creatures
  A wyvern (D:8)
  The ghost of Gorglomux the Gusty, an amateur TeAE of Hepliaklqana (D:4)
  A human (D:3)
  Edmund (D:5)
  2 ice beasts (D:6)
  An ogre (D:4)
  A centaur (D:5)
  Dowan (D:5)
  2 scorpions
  A howler monkey (D:5)
  A crimson imp (D:5)
  An orc priest (D:4)
  Crazy Yiuf (D:3)
  A bullfrog skeleton (D:5)
  2 hounds
  A human zombie (D:3)
  A jelly (D:6)
  An iron imp (D:4)
  3 iguanas
  Ijyb (D:3)
  Terence (D:3)
  2 orc wizards (D:3)
  4 gnolls (D:8)
  8 adders
  A shadow imp (D:6)
  An ooze (D:2)
  4 worms
  2 dart slugs
  7 leopard geckos
  17 orcs
  7 giant cockroaches
  11 goblins
  7 hobgoblins
  3 kobolds
  3 quokkas
  A ball python (D:2)
  6 bats
  7 frilled lizards
  A jackal skeleton (D:8)
  A quokka skeleton (D:4)
  5 rats
124 creatures vanquished.

Vanquished Creatures (collateral kills)
  Eustachio (D:5)
  A crimson imp (D:5)
2 creatures vanquished.

Vanquished Creatures (others)
  Duvessa (D:5)
1 creature vanquished.

Grand Total: 127 creatures vanquished

Notes
Turn   | Place    | Note
-------+----------+-------------------------------------------
     0 | D:1      | odei the Troll Berserker began the quest for the Orb.
     0 | D:1      | Reached XP level 1. HP: 22/22 MP: 0/0
   468 | D:1      | Reached XP level 2. HP: 29/29 MP: 1/1
  1030 | D:2      | Reached ** piety under Trog
  1238 | D:2      | Reached XP level 3. HP: 30/36 MP: 2/2
  1315 | D:2      | Found a glowing golden altar of the Shining One.
  1454 | D:3      | Found a runed door.
  1458 | D:3      | Noticed Crazy Yiuf
  1462 | D:3      | Killed Crazy Yiuf
  1652 | D:3      | Reached XP level 4. HP: 33/44 MP: 3/3
  1826 | D:3      | Noticed Terence
  1836 | D:3      | Reached XP level 5. HP: 52/52 MP: 4/4
  1839 | D:3      | Reached skill level 1 in Staves
  1841 | D:3      | Killed Terence
  2029 | D:3      | Found a faded altar of an unknown god.
  2106 | D:3      | Found a runed door.
  2106 | D:3      | Noticed a human
  2108 | D:3      | Found a basalt altar of Yredelemnul.
  2109 | D:3      | Noticed Ijyb
  2115 | D:3      | Killed Ijyb
  2122 | D:3      | Reached skill level 2 in Staves
  2201 | D:3      | Killed a human
  2201 | D:3      | Reached XP level 6. HP: 47/61 MP: 5/5
  2728 | D:4      | Noticed Gorglomux's ghost (amateur TeAE)
  2740 | D:4      | Killed Gorglomux's ghost
  2740 | D:4      | Reached skill level 3 in Staves
  2740 | D:4      | Reached XP level 7. HP: 67/67 MP: 6/6
  2785 | D:4      | Reached *** piety under Trog
  2868 | D:4      | Found a burning altar of Makhleb.
  3139 | D:4      | Reached skill level 4 in Staves
  3378 | D:4      | Found a staircase to the Ecumenical Temple.
  3413 | D:4      | Found a shimmering altar of Xom.
  3446 | D:4      | Reached skill level 1 in Stealth
  3524 | D:5      | Entered Level 5 of the Dungeon
  3550 | D:5      | Noticed Duvessa
  3550 | D:5      | Noticed Dowan
  3558 | D:5      | Killed Duvessa
  3558 | D:5      | Reached skill level 5 in Staves
  3561 | D:5      | Killed Dowan
  3561 | D:5      | Reached XP level 8. HP: 78/78 MP: 7/7
  3606 | D:5      | Noticed Edmund
  3622 | D:5      | Killed Edmund
  3889 | D:5      | Reached **** piety under Trog
  4170 | D:5      | Noticed Eustachio
  4172 | D:5      | Killed Eustachio
  4397 | D:5      | Reached skill level 1 in Maces & Flails
  4663 | D:6      | Reached skill level 6 in Staves
  4937 | D:6      | Found a hide-covered altar of Uskayaw.
  5687 | D:8      | Noticed a hornet
  5691 | D:8      | Paralysed by a hornet for 2 turns
  5698 | D:8      | Paralysed by a hornet for 1 turns
  5765 | D:8      | Paralysed by a hornet for 2 turns
  5769 | D:8      | Slain by a hornet

Skill      XL: |  1  2  3  4  5  6  7  8 |
---------------+-------------------------+-----
Dodging        | 3 4 |  4.8
Unarmed Combat | 4 |  4.3
Staves         | 2 3 5 6 |  6.1
Fighting       | 3 4 |  4.6
Stealth        | 1 |  1.7
Maces & Flails | 2 |  2.9

Action                   |  1- 3 |  4- 6 |  7- 9 || total
-------------------------+-------+-------+-------++-------
Melee: Unarmed           |    63 |       |       ||    63
       Punch             |     1 |       |       ||     1
       Quarterstaff      |     8 |    85 |   115 ||   208
       Dire flail        |       |       |   117 ||   117
Invok: Berserk           |     1 |     3 |     5 ||     9
       Trog's Hand       |       |       |     1 ||     1
       Brothers in Arms  |       |       |     1 ||     1
  Use: Scroll            |       |     2 |    12 ||    14
       Potion            |       |       |     9 ||     9
 Stab: Sleeping          |       |     1 |     2 ||     3
       Petrifying        |       |       |     1 ||     1
       Petrified         |       |       |     1 ||     1
  Eat: Chunk             |    13 |    16 |    19 ||    48
       Bread ration      |       |     1 |     2 ||     3
       Meat ration       |       |       |     2 ||     2
Armor: Animal skin       |    35 |    34 |    69 ||   138
Dodge: Dodged            |    42 |    36 |   156 ||   234
